 Dungeon Crawl Stone Soup version 0.27-a0-828-g8289197e94 (webtiles) character file.

Game seed: 13164243998935253719

22695 jestyr24 the Thaumaturge (level 13, -5/92 HPs)
             Began as a Djinni Fire Elementalist on Mar 29, 2021.
             Was a High Priest of Makhleb.
             Slain by a skeletal warrior
             ... wielding a +0 hand axe
             ... led by a skeletal warrior
              (12 damage)
             ... on level 12 of the Dungeon on Mar 30, 2021.
             The game lasted 02:22:41 (14931 turns).

jestyr24 the Thaumaturge (DjFE)                    Turns: 14931, Time: 02:22:42

Health: -5/92      AC:  6    Str:  7    XL:     13   Next: 1%
Gold:   635        EV: 16    Int: 22    God:    Makhleb [*****.] SH:  0 Dex: 20

rFire    + + +     SeeInvis +   K - staff of fire
rCold    x . .     Faith    .   (no shield)
rNeg     + + .     Spirit   .   G - +0 robe "Nifegg" {Harm rN++ Will- SInv}
rPois    ∞         Reflect  .   l - +0 helmet
rElec    .         Harm     +   k - +2 cloak {rCorr}
rCorr    +         Rampage  .   (no gloves)
Will     .....                  (boots unavailable)
Stlth    +++.......             F - amulet of regeneration
HPRegen  1.25/turn              n - +6 ring of dexterity
MPRegen  0.00/turn              x - +4 ring of slaying

@: about to teleport, flying
A: fire resistance 2, cold vulnerability 1, float, innate caster, hp casting,
extra vitality 1
a: Renounce Religion, Minor Destruction, Lesser Servant of Makhleb, Major
Destruction, Greater Servant of Makhleb


You were on level 12 of the Dungeon.
You worshipped Makhleb.
Makhleb was extremely pleased with you.
You visited 2 branches of the dungeon, and saw 13 of its levels.

You collected 766 gold pieces.
You spent 131 gold pieces at shops.

Inventory:

Hand Weapons
 j - the +7 quarterstaff "Jeenuf" {vamp, Dex+6}
   (You found it on level 11 of the Dungeon)

   It inflicts no extra harm, but heals its wielder when it wounds a living foe.
   It affects your dexterity (+6).
 o - a +2 quarterstaff of speed
 M - a +3 long sword of protection
Missiles
 s - 26 poisoned darts
 z - 51 bolts
 A - 10 boomerangs
 H - 3 javelins
Armour
 a - a +0 robe
 d - a +0 buckler
 k - a +2 cloak of preservation (worn)
 l - a +0 helmet (worn)
 D - +0 acid dragon scales
 G - the +0 robe "Nifegg" (worn) {Harm rN++ Will- SInv}
   (You bought it in a shop on level 12 of the Dungeon)

   It greatly protects you from negative energy.
   It lets you see invisible.
   It increases damage dealt and taken.
   It decreases your willpower.
Magical Staves
 E - a staff of earth
 K - a staff of fire (weapon)
Jewellery
 b - an amulet of the acrobat
 n - a +6 ring of dexterity (left hand)
 x - a +4 ring of slaying (right hand)
 F - an amulet of regeneration (around neck)
Wands
 e - a wand of polymorph (10)
 h - a wand of paralysis (4)
 i - a wand of iceblast (9)
 y - a wand of random effects (36)
 C - a wand of acid (4)
 J - a wand of flame (30)
Scrolls
 c - 4 scrolls of fear
 p - 3 scrolls of magic mapping
 r - 2 scrolls of enchant weapon {unknown}
 u - a scroll of fog {unknown}
 B - 2 scrolls of identify
 I - 3 scrolls of enchant armour
Potions
 f - a potion of might {unknown}
 g - 3 potions of resistance {unknown}
 m - 6 potions of curing
 t - a potion of heal wounds
 v - 3 potions of haste
 w - a potion of berserk rage


   Skills:
 * Level 8.1 Fighting
 - Level 1.3 Short Blades
 + Level 5.8 Dodging
 + Level 4.6 Stealth
 - Level 4.0 Shields
 - Level 0.2 Unarmed Combat
 + Level 14.7 Spellcasting
 + Level 0.2 Evocations


You had 5 spell levels left.
You knew the following spells:

 Your Spells              Type           Power      Damage    Failure   Level
a - Foxfire               Conj/Fire      100%       2x1d9     0%          1
b - Conjure Flame         Conj/Fire      89%        6-21      1%          3
c - Inner Flame           Hex/Fire       89%        N/A       1%          3
d - Sticky Flame          Conj/Fire      89%        2d10      1%          4
e - Fireball              Conj/Fire      44%        3d18      1%          5
f - Corona                Hex            76%        N/A       0%          1
g - Wereblood             Tmut           69%        N/A       0%          2
h - Ignite Poison         Fire/Tmut/Pois 89%        N/A       1%          3
i - Mephitic Cloud        Conj/Pois/Air  69%        N/A       1%          3
j - Summon Mana Viper     Hex/Summ       69%        N/A       1%          5
k - Blade Hands           Tmut           34%        N/A       1%          6
Your spell library was empty.

Dungeon Overview and Level Annotations

Branches:
Dungeon (12/15)            Temple (1/1) D:4            Lair (0/6) D:10
    Orc (0/2) D:10

Altars:
Cheibriados
Fedhas
Gozag
Kikubaaqudgha
Makhleb
Nemelex Xobeh
Okawaru
Trog
Uskayaw
Vehumet
Wu Jian
Xom
Yredelemnul
Zin
The Shining One
Beogh

Shops:
D:12 :![

Portals:
Abyss: D:7

Annotations:
D:4 3 runed translucent doors, bilbop's ghost, amateur HOMo
D:7 2 transporters, bronco's ghost, novice HuGl
D:12 1 runed translucent door, harryhousin's ghost, journeyman GnCj


Innate Abilities, Weirdness & Mutations

You are immune to poison.
Your flesh is very heat resistant. (rF++)
You are vulnerable to cold. (rC-)
You float through the air rather than walking.
You learn spells naturally, not from books.
Your magical power is your life essence.
You have superior vitality. (+4 HP)


Message History

Aim: a skeletal warrior, wielding a +0 hand axe (moderately damaged, inner flame)
You feel a surge of power!
The fireball explodes!
The fireball engulfs the skeletal warrior!!
Flame seeps out of the skeletal warrior.
The skeletal warrior is severely damaged.
The skeletal warrior is engulfed in blazing flames.
Flame seeps out of the skeletal warrior.
The skeletal warrior is engulfed in blazing flames.
Flame seeps out of the skeletal warrior.
Casting: Fireball (mildly dangerous; 1% risk of failure)
Confirm with . or Enter, or press ? or * to list all spells.
You feel a surge of power!
You conjure some foxfire!
The skeletal warrior closely misses you.
The skeletal warrior closely misses your foxfire.
You hit the skeletal warrior but do no damage.
The skeletal warrior is almost destroyed.
The foxfire hits the skeletal warrior but does no damage.
The skeletal warrior is almost destroyed.
The skeletal warrior hits you with a +0 hand axe! x2
Casting: Foxfire (safe; 0% risk of failure)
Confirm with . or Enter, or press ? or * to list all spells.
You feel a surge of power!
You conjure some foxfire!
The skeletal warrior hits you with a +0 hand axe!!
The skeletal warrior hits your foxfire with a +0 hand axe!
You hit the skeletal warrior but do no damage.
The skeletal warrior is almost destroyed.
The foxfire hits the skeletal warrior but does no damage.
The skeletal warrior is almost destroyed.
The skeletal warrior closely misses you.
The skeletal warrior hits you with a +0 hand axe!
* * * LOW HITPOINT WARNING * * *
Okay, then.
You feel much better.
The skeletal warrior hits you with a +0 hand axe!!
* * * LOW HITPOINT WARNING * * *
Unknown command.
As you read the scroll of teleportation, it crumbles to dust.
You feel strangely unstable.
The skeletal warrior hits you with a +0 hand axe!
You die...

........#...#...##..#
........###.###.# #.##
........###...#.###∩.##.♣i.
).......##..............#♣♣..
.......###.####.###..#..8#.P♣.
......####...##..###.....#....
.............###.# ##.(.+.♣!P
..E..........# #.# #..#hi(
............## #@######.8#♣
###.#.####### #.z§)§...#♣h
##.#### ####.°...♣i.♣ #.#.#.#
#.....♣ #.###.# #......# #.#
##.# #####.#.. .# #.# #....# #
#.# ..##... ## ... ..#.


You could see a skeletal warrior (inner flame).

Vanquished Creatures
  2 boulder beetles (D:11)
  8 two-headed ogres
  2 skeletal warriors (D:12)
  2 ugly things (D:11)
  A manticore (D:12)
  A gargoyle (D:12)
  Maggie (D:9)
  Joseph (D:7)
  Psyche (D:8)
  3 komodo dragons
  2 unseen horrors (D:11)
  A freezing wraith (D:11)
  3 trolls
  A jumping spider (shapeshifter) (D:11)
  A meliai (D:11)
  A hornet (D:11)
  2 slime creatures (D:11)
  A shadow (D:12)
  3 wyverns
  3 wraiths
  A human (D:10)
  14 yaks
  A basilisk (D:10)
  A vampire mosquito (D:11)
  A steam dragon (shapeshifter) (D:11)
  A warg (D:10)
  2 acid dragons (D:10)
  Duvessa (D:7)
  A water moccasin (D:2)
  5 orc warriors
  A black bear (D:4)
  An ice beast (D:7)
  A necrophage (D:5)
  A boggart (D:11)
  2 centaurs
  A phantom (D:6)
  A bullfrog (D:6)
  3 kobold brigands
  Blork the orc (D:5)
  An earth elemental (D:12)
  A wyvern skeleton (D:7)
  Dowan (D:7)
  6 scorpions
  13 killer bees
  5 wights (D:6)
  6 howler monkeys
  A bullfrog zombie (D:6)
  2 hounds (D:7)
  8 centaur zombies
  9 orc priests
  Crazy Yiuf (D:3)
  A bullfrog skeleton (D:7)
  2 centaur skeletons
  Ijyb (D:3)
  4 iguanas
  12 orc wizards
  A howler monkey zombie (D:7)
  4 gnolls (D:4)
  6 adders
  A white imp (D:6)
  4 dart slugs
  61 orcs
  5 ball pythons
  5 endoplasms
  11 giant cockroaches
  19 goblins
  6 hobgoblins
  6 jackals
  21 kobolds
  3 quokkas (D:1)
  8 bats
  5 frilled lizards
  3 rats
323 creatures vanquished.

Vanquished Creatures (collateral kills)
  A foxfire (D:9)
1 creature vanquished.

Vanquished Creatures (others)
  521 foxfires
  2 plants (D:12)
523 creatures vanquished.

Grand Total: 847 creatures vanquished

Notes
Turn   | Place    | Note
-------+----------+-------------------------------------------
     0 | D:1      | jestyr24 the Djinni Fire Elementalist began the quest for
                  | the Orb.
     0 | D:1      | Reached XP level 1. HP: 15/15 MP: 0/0
   130 | D:1      | Reached skill level 3 in Spellcasting
   237 | D:1      | Reached XP level 2. HP: 19/21 MP: 0/0
   655 | D:1      | Reached XP level 3. HP: 24/25 MP: 0/0
   655 | D:1      | Learned a level 1 spell: Corona
  1799 | D:2      | Reached XP level 4. HP: 31/31 MP: 0/0
  2062 | D:2      | Noticed a water moccasin
  2073 | D:2      | Killed a water moccasin
  2074 | D:2      | Reached skill level 4 in Spellcasting
  2074 | D:2      | Reached XP level 5. HP: 18/35 MP: 0/0
  2074 | D:2      | Learned a level 2 spell: Wereblood
  3200 | D:3      | Noticed Ijyb
  3212 | D:3      | Killed Ijyb
  3516 | D:3      | Found a runed translucent door.
  3517 | D:3      | Noticed Crazy Yiuf
  3532 | D:3      | Killed Crazy Yiuf
  3533 | D:3      | Reached XP level 6. HP: 24/40 MP: 0/0
  3877 | D:4      | Found a staircase to the Ecumenical Temple.
  3887 | Temple   | Entered the Ecumenical Temple
  3932 | Temple   | Became a worshipper of Makhleb the Destroyer
  4089 | D:4      | Noticed a black bear
  4103 | D:4      | Killed a black bear
  4104 | D:4      | Reached skill level 5 in Spellcasting
  4303 | D:4      | Reached XP level 7. HP: 37/46 MP: 0/0
  4303 | D:4      | Learned a level 3 spell: Ignite Poison
  4417 | D:4      | Found a runed translucent gate.
  4417 | D:4      | Found a runed translucent gate.
  4417 | D:4      | Found a runed translucent gate.
  4424 | D:4      | Noticed bilbop's ghost (amateur HOMo)
  4946 | D:5      | Entered Level 5 of the Dungeon
  4955 | D:5      | Reached * piety under Makhleb
  4987 | D:5      | Reached skill level 6 in Spellcasting
  5233 | D:5      | Noticed Blork the orc
  5240 | D:5      | Killed Blork the orc
  5253 | D:5      | Reached skill level 1 in Fighting
  5529 | D:5      | Reached XP level 8. HP: 48/52 MP: 0/0
  6132 | D:6      | Reached skill level 7 in Spellcasting
  6591 | D:6      | You are sucked into a shaft and drop 2 floors!
  6664 | D:8      | Reached ** piety under Makhleb
  6873 | D:8      | Found an iron altar of Okawaru.
  6957 | D:8      | Noticed Psyche
  7074 | D:6      | Reached skill level 8 in Spellcasting
  7450 | D:6      | Found a shimmering altar of Xom.
  7457 | D:6      | Found a glowing silver altar of Zin.
  7463 | D:6      | Found a blossoming altar of Fedhas.
  7980 | D:7      | Reached XP level 9. HP: 57/57 MP: 0/0
  7980 | D:7      | Learned a level 3 spell: Mephitic Cloud
  7989 | D:7      | Reached skill level 1 in Short Blades
  8190 | D:7      | Found a bloodstained altar of Trog.
  8309 | D:7      | Noticed a hell hog
  8314 | D:7      | Found a transporter.
  8341 | D:7      | Found a transporter.
  8358 | D:7      | Found a one-way gate to the infinite horrors of the Abyss.
  8358 | D:7      | Noticed bronco's ghost (novice HuGl)
  8664 | D:7      | Reached skill level 9 in Spellcasting
  8915 | D:7      | Noticed Joseph
  8921 | D:7      | Killed Joseph
  8922 | D:7      | Reached skill level 1 in Shields
  9214 | D:7      | Noticed Dowan
  9217 | D:7      | Killed Dowan
  9217 | D:7      | Noticed Duvessa
  9220 | D:7      | Killed Duvessa
  9612 | D:8      | Noticed a two-headed ogre
  9618 | D:8      | Killed a two-headed ogre
  9619 | D:8      | Reached skill level 10 in Spellcasting
  9619 | D:8      | Reached XP level 10. HP: 46/67 MP: 0/0
  9750 | D:8      | Found a runed translucent door.
  9880 | D:8      | Reached *** piety under Makhleb
 10154 | D:8      | Killed Psyche
 10708 | D:8      | Identified the Grimoire of Ice and Stolen Souls
 11569 | D:9      | Noticed Maggie
 11578 | D:9      | Killed Maggie
 11579 | D:9      | Reached skill level 11 in Spellcasting
 11825 | D:9      | Noticed a two-headed ogre
 11832 | D:9      | Killed a two-headed ogre
 11941 | D:9      | Noticed a two-headed ogre
 11945 | D:9      | Killed a two-headed ogre
 12453 | D:9      | Reached XP level 11. HP: 68/74 MP: 0/0
 12453 | D:9      | Learned a level 5 spell: Summon Mana Viper
 12519 | D:10     | Entered Level 10 of the Dungeon
 12564 | D:10     | Noticed a two-headed ogre
 12568 | D:10     | Killed a two-headed ogre
 12569 | D:10     | Reached skill level 5 in Fighting
 12651 | D:10     | Reached skill level 12 in Spellcasting
 12658 | D:10     | Reached **** piety under Makhleb
 12703 | D:10     | Noticed a two-headed ogre
 12707 | D:10     | Killed a two-headed ogre
 12732 | D:10     | Upgraded the game from 0.27-a0-819-g058290f16d to
                  | 0.27-a0-828-g8289197e94
 12857 | D:10     | Found a staircase to the Orcish Mines.
 13454 | D:10     | Reached ***** piety under Makhleb
 13500 | D:10     | Reached skill level 13 in Spellcasting
 13569 | D:10     | Found a staircase to the Lair.
 13751 | D:11     | Noticed a boulder beetle
 13751 | D:11     | Noticed a two-headed ogre
 13771 | D:11     | Killed a boulder beetle
 13771 | D:11     | Noticed a two-headed ogre
 13781 | D:11     | Killed a two-headed ogre
 13782 | D:11     | Reached skill level 5 in Dodging
 13782 | D:11     | Reached XP level 12. HP: 56/84 MP: 0/0
 13794 | D:11     | Killed a two-headed ogre
 13875 | D:11     | Noticed a two-headed ogre
 13880 | D:11     | Killed a two-headed ogre
 13893 | D:11     | Reached skill level 14 in Spellcasting
 13930 | D:11     | Noticed a boulder beetle
 13956 | D:11     | Killed a boulder beetle
 13994 | D:11     | Identified the +7 quarterstaff "Jeenuf" {vamp, Dex+6}
 14623 | D:12     | Found Cushapi's Distillery.
 14682 | D:12     | Found Zobihov's Book Emporium.
 14871 | D:12     | Found Reash's Antique Armour Shop.
 14877 | D:12     | Found a runed translucent door.
 14877 | D:12     | Identified the +8 trident of Abuse {vorpal, rElec MP+9
                  | Str+4 Dex-5}
 14880 | D:12     | Bought a sheer robe for 131 gold pieces
 14880 | D:12     | Identified the +0 robe "Nifegg" {Harm rN++ Will- SInv} (You
                  | bought it in a shop on level 12 of the Dungeon)
 14904 | D:12     | Noticed harryhousin's ghost (journeyman GnCj)
 14921 | D:12     | Reached XP level 13. HP: 90/92 MP: 0/0
 14921 | D:12     | Learned a level 6 spell: Blade Hands
 14931 | D:12     | Slain by a skeletal warrior

Illustrated notes

Levels and vault maps discovered:
D:1:      lemuel_arrival_cross, layout_basic, minmay_worlds_worst_comb
D:2:      layout_loops_ring, st_stairs_3, minmay_tetromino_t2
D:3:      layout_loops_corners, uniq_crazy_yiuf_cottage, uniq_ijyb
D:4:      layout_cave_pools, minmay_temple_entry_junction,
          gammafunk_ghost_necromancy
D:5:      layout_cave_pools, uniq_blork_the_orc
D:6:      layout_loops_ring, grunt_temple_overflow_diamond
D:7:      layout_loops_corners, gammafunk_ghost_abyssal_escape,
          chequers_arboretum, hangedman_abyss_or_decor_passed, trog_book,
          uniq_joseph, uniq_duvessa
D:8:      layout_basic, okawaru_metal_pillars_3, nicolae_overflow_hidden_temple,
          enter_bailey_3, lightli_church_of_beogh, uniq_psyche
D:9:      corexii_shack_village, layout_basic, uniq_maggie
D:10:     layout_roguey, erik_lair_dragon, erik_orc_4, nicolae_two_hexagons
D:11:     layout_gridville, minmay_the_grid_square_5x5_3x3_mashed
          [minmay_the_grid_square_5x5_mess, minmay_the_grid_square_5x5_tie,
          minmay_the_grid_square_5x5_meh, minmay_the_grid_square_5x5_two_small,
          minmay_the_grid_square_5x5_megaprize_crossed,
          minmay_the_grid_square_5x5_half_checkered,
          minmay_the_grid_square_5x5_hollow_slash,
          minmay_the_grid_square_5x5_n_small,
          minmay_the_grid_square_5x5_sharp_hourglass]
D:12:     layout_rooms, ebering_ghost_funeral_grove, serial_shops, shop, shop,
          shop, shop, shop, hangedman_cracks_in_the_wall
Temple:   compressed_dpeg_circular_temple

Skill      XL: |  1  2  3  4  5  6  7  8  9 10 11 12 |
---------------+-------------------------------------+-----
Spellcasting   | 3 4 5 6 8 10 11 13 14 | 14.7
Stealth        | 2 3 4 |  4.6
Dodging        | 3 4 5 |  5.8
Fighting       | 1 3 4 6 8 |  8.1
Short Blades   | 1 |  1.3
Shields        | 2 4 |  4.0
Unarmed Combat | |  0.2
Evocations     | |  0.2

Action                   |  1- 3 |  4- 6 |  7- 9 | 10-12 | 13-15 || total
-------------------------+-------+-------+-------+-------+-------++-------
Melee: Dagger            |    12 |    12 |     2 |       |       ||    26
       Unarmed           |     1 |       |       |       |       ||     1
       Short sword       |       |       |     5 |    11 |       ||    16
       Staff             |       |       |       |     4 |     2 ||     6
       Quarterstaff      |       |       |       |     1 |       ||     1
 Cast: Foxfire           |    58 |    57 |   111 |    92 |     2 ||   320
       Corona            |     4 |       |     7 |       |       ||    11
       Inner Flame       |       |     6 |    73 |   109 |     1 ||   189
       Fireball          |       |       |    19 |   104 |     2 ||   125
       Mephitic Cloud    |       |       |     2 |     1 |       ||     3
       Conjure Flame     |       |       |       |     2 |       ||     2
       Wereblood         |       |       |       |     1 |       ||     1
       Summon Mana Viper |       |       |       |     1 |       ||     1
Evoke: Wand              |       |       |       |     4 |       ||     4
  Use: Scroll            |       |       |     7 |     5 |     1 ||    13
       Potion            |       |       |     2 |     4 |     1 ||     7
 Stab: Invisible         |       |       |       |     1 |       ||     1
Armor: Robe              |     9 |     2 |     8 |    26 |       ||    45
Dodge: Dodged            |    19 |    16 |    26 |    44 |     2 ||   107
Block: Buckler           |     4 |     4 |     6 |    29 |       ||    43

Table legend: (Time is in decaauts)
 A = Elapsed time spent in this place.
 B = Non-inter-level travel time spent in this place.
 C = Inter-level travel time spent in this place.
 D = Time resting spent in this place.
 E = Time spent auto-exploring this place.
 F = Levels seen in this place.
 G = Mean time per level.
                   A        B        C        D        E       F      G
               +--------+--------+--------+--------+--------+-----+--------+
         Total |  14954 |  14619 |    335 |   4618 |   5993 |  13 | 1150.3 |
       Dungeon |  14797 |  14462 |    335 |   4518 |   5950 |  12 | 1233.1 |
        Temple |    156 |    156 |      0 |    100 |     43 |   1 |  156.0 |
               +--------+--------+--------+--------+--------+-----+--------+

Top non-repeatable levels by time:
     D:8: 1799 daAuts
     D:7: 1591 daAuts
     D:9: 1580 daAuts
     D:6: 1572 daAuts
     D:1: 1336 daAuts
     D:3: 1326 daAuts
     D:2: 1179 daAuts
    D:10: 1155 daAuts
     D:5: 1052 daAuts
    D:11: 957 daAuts
     D:4: 947 daAuts
    D:12: 299 daAuts
  Temple: 156 daAuts
